 Dungeon Crawl Stone Soup version 0.29-a0-234-g0dae59b3db (webtiles) character file.

Game seed: 13998760770367811126

51 Ordine the Cudgeller (level 3, -1/22 HPs)
             Began as a Tengu Warper on Mar 3, 2022.
             Slain by an orc
             ... wielding a +0 hand axe
              (2 damage)
             ... on level 2 of the Dungeon.
             The game lasted 00:03:00 (2143 turns).

Ordine the Cudgeller (Tengu Warper)                 Turns: 2143, Time: 00:03:01

Health: -1/22      AC:  3    Str: 13    XL:     3   Next: 81%
Magic:  7/7        EV: 12    Int: 13    God:
Gold:   98         SH:  0    Dex: 13    Spells: 6/6 levels left

rFire   . . .      SeeInvis .   a - +0 mace
rCold   . . .      Faith    .   (no shield)
rNeg    . . .      Spirit   .   b - +0 leather armour
rPois   .          Reflect  .   (helmet restricted)
rElec   .          Harm     .   (no cloak)
rCorr   .          Rampage  .   (no gloves)
Will    .....                   (boots unavailable)
Stlth   +.........              (no amulet)
HPRegen 0.07/turn               (no ring)
MPRegen 0.10/turn               (no ring)

@: no status effects
A: beak, talons 3
a: no special abilities


You were on level 2 of the Dungeon.
You visited 1 branch of the dungeon, and saw 2 of its levels.

You collected 98 gold pieces.

Inventory:

Hand Weapons
 a - a +0 mace (weapon)
Missiles
 d - 5 boomerangs of dispersal
Armour
 b - a +0 leather armour (worn)
Scrolls
 c - a scroll of blinking
 e - a scroll of teleportation {unknown}
 f - 2 scrolls of identify {unknown}
 g - a scroll of enchant weapon {unknown}


   Skills:
 + Level 2.5 Fighting
 * Level 3.5 Maces & Flails
 + Level 1.8 Throwing
 - Level 1.1 Armour
 - Level 2.1 Dodging
 - Level 2.0 Spellcasting
 - Level 2.4 Translocations


You had 6 spell levels left.
You didn't know any spells.
Your spell library contained the following spells:

 Spells                   Type           Power      Damage    Failure   Level
 Blink                    Tloc           14%        N/A       19%         2
 Gell's Gravitas          Tloc           7%         N/A       36%         3
 Lesser Beckoning         Tloc           7%         N/A       36%         3
 Teleport Other           Tloc           7%         N/A       36%         3
 Manifold Assault         Tloc           7%         N/A       98%         5


Dungeon Overview and Level Annotations

Branches:
Dungeon (2/15)

Altars:


Innate Abilities, Weirdness & Mutations

You have a beak for a mouth.
You have claws for feet.


Message History

An orc wizard is nearby!
The orc wizard gestures at you while chanting.
You resist with significant effort. The orc wizard misses you.
You barely miss the orc wizard. Your kick misses the orc wizard.
You peck the orc wizard.
The orc wizard is lightly wounded.
The orc wizard closely misses you.
The orc wizard hits you with a +0 dagger.
You hit the orc wizard.
The orc wizard is moderately wounded.
The orc wizard hits you but does no damage.
You closely miss the orc wizard.
The orc shouts!
Your kick misses the orc wizard.
You peck the orc wizard, but do no damage.
The orc wizard is moderately wounded.
The orc wizard hits you with a +0 dagger.
You hit the orc wizard but do no damage.
The orc wizard is moderately wounded.
The orc wizard gestures at you while chanting.
The magic dart hits you!
You closely miss the orc wizard. Your kick misses the orc wizard.
Your peck misses the orc wizard.
The orc wizard is moderately wounded.
The orc wizard hits you with a +0 dagger.
The orc closely misses you.
The orc wizard hits you with a +0 dagger.
* * * LOW HITPOINT WARNING * * *
The orc hits you with a +0 hand axe.
* * * LOW HITPOINT WARNING * * *
The orc wizard hits you with a +0 dagger.
* * * LOW HITPOINT WARNING * * *
Okay, then.
You hit the orc. Your peck misses the orc.
The orc is lightly wounded.
You closely miss the orc.
The orc is lightly wounded.
The orc hits you with a +0 hand axe.
You die...

................#......#####.#<##
#...............#......# #.#...
...............#.####.# #.#.#.
..####......####.# #.# #.{... ..
#...........####.#####.#.#.
#......#####...)...).......
##.###....o.......####.#.#. #.#
#)###o#.####### #.#.#. #.# #.#
#@......... #.#.#.
..#.###.###.###.#.####... #.#.#
.......o........#.# #.#..
..#.##.###....##.# #.# #.#
#....##.# #.# #.# #....##.#
#.##.#.###....##.#
..........#....##.#
..)........{.{....#


You could see an orc wizard and an orc.

Vanquished Creatures
  2 dart slugs (D:1)
  An orc (D:2)
  6 ball pythons
  2 bats
  3 endoplasms (D:1)
  A giant cockroach (D:2)
  A goblin (D:2)
  4 hobgoblins
  2 jackals (D:1)
  11 kobolds
  2 quokkas (D:1)
  3 frilled lizards
  5 rats
43 creatures vanquished.

Notes
Turn   | Place    | Note
-------+----------+-------------------------------------------
     0 | D:1      | Ordine the Tengu Warper began the quest for the Orb.
     0 | D:1      | Reached XP level 1. HP: 12/12 MP: 4/4
    41 | D:1      | Reached XP level 2. HP: 15/17 MP: 6/6
   114 | D:1      | Found a faded altar of an unknown god.
   743 | D:1      | Reached skill level 3 in Maces & Flails
   919 | D:1      | Reached XP level 3. HP: 20/22 MP: 7/7
  1753 | D:2      | HP: 1/22 [something (2)]
  2139 | D:2      | HP: 1/22 [orc wizard/+0 dagger (2)]
  2143 | D:2      | Slain by an orc

Illustrated notes

Levels and vault maps discovered:
D:1:      sevenhm_arrival_forest_fort_small_4, layout_rooms,
          hellmonk_ecumenical_altar_crossroads
D:2:      layout_basic

Skill      XL: |  1  2 |
---------------+-------+-----
Maces & Flails | 3 |  3.5
Fighting       | |  2.5
Throwing       | |  1.8
Armour         | |  1.1
Dodging        | |  2.1
Spellcasting   | |  2.0
Translocations | |  2.4

Action                   || total
-------------------------++-------
Melee: Mace              ||   119
       Kick              ||    26
       Peck              ||    16
  Use: Potion            ||     1
 Stab: Sleeping          ||     1
Armor: Leather armour    ||    27
Dodge: Dodged            ||    67

Table legend: (Time is in decaauts)
 A = Elapsed time spent in this place.
 B = Non-inter-level travel time spent in this place.
 C = Inter-level travel time spent in this place.
 D = Time resting spent in this place.
 E = Time spent auto-exploring this place.
 F = Levels seen in this place.
 G = Mean time per level.
                   A        B        C        D        E       F      G
               +--------+--------+--------+--------+--------+-----+--------+
         Total |   2178 |   2134 |     44 |    251 |   1572 |   2 | 1089.0 |
       Dungeon |   2178 |   2134 |     44 |    251 |   1572 |   2 | 1089.0 |
               +--------+--------+--------+--------+--------+-----+--------+

Top non-repeatable levels by time:
     D:1: 1665 daAuts
     D:2: 512 daAuts
